TOP OF THE 1ST |
Philadelphia Phillies batting - Pitching for Houston Astros : RHP Kevin Carr
|
Pitching: RHP Kevin Carr
|
|
Batting: RHB Andy Ramirez
|
0-0: Ball 1-0: Ball 2-0: Ball 3-0: Ground out 6-3 (Groundball, 4M, EV 104.4 MPH)
|
Batting: RHB Andre Dawson
|
0-0: Called Strike 0-1: Ball 1-1: Ground out 5-3 (Groundball, 56S, EV 86.3 MPH)
|
Batting: RHB Paul Molitor
|
0-0: Ball 1-0: Fly out, F9 (Line Drive, 9, EV 96.9 MPH)
|
Top of the 1st over - 0 runs, 0 hits, 0 errors, 0 left on base; Philadelphia 0 - Houston 0 |
BOTTOM OF THE 1ST |
Houston Astros batting - Pitching for Philadelphia Phillies : LHP Jon Matlack
|
Pitching: LHP Jon Matlack
|
|
Batting: RHB Julio Franco
|
0-0: Called Strike 0-1: Ball 1-1: Ground out 6-3 (Groundball, P, EV 90.6 MPH)
|
Batting: RHB John Castino
|
0-0: Ball 1-0: Foul Ball, location: 2F 1-1: Ball 2-1: Fly out, F9 (Line Drive, 9D, EV 100.0 MPH)
|
Batting: LHB Steve Kemp
|
0-0: SINGLE (Flyball, 34D, EV 95.6 MPH)
|
Batting: RHB Zail Smith
|
0-0: Foul Ball, location: 2F 0-1: Ball 1-1: Fly out, F7 (Flyball, 7LS, EV 83.1 MPH)
|
Bottom of the 1st over - 0 runs, 1 hit, 0 errors, 1 left on base; Philadelphia 0 - Houston 0 |
TOP OF THE 2ND |
Philadelphia Phillies batting - Pitching for Houston Astros : RHP Kevin Carr
|
Batting: LHB Ken Phelps
|
0-0: Called Strike 0-1: Ball 1-1: Foul Ball, location: 2F 1-2: Foul Ball, location: 2F 1-2: Foul Ball, location: 2F 1-2: Ground out 4-3 (Groundball, 34D, EV 90.0 MPH)
|
Batting: RHB Candy Maldonado
|
0-0: Foul Ball, location: 2F 0-1: Swinging Strike 0-2: Strikes out swinging
|
Batting: LHB Cecil Cooper
|
0-0: Ball 1-0: Bunt missed! 1-1: SINGLE (Groundball, 4D, EV 103.8 MPH)
|
Batting: RHB Jody Davis
|
0-0: Ball Cecil Cooper steals 2nd base (no throw) 1-0: Foul Ball, location: 2F 1-1: Fly out, F7 (Flyball, 7LS, EV 83.1 MPH)
|
Top of the 2nd over - 0 runs, 1 hit, 0 errors, 1 left on base; Philadelphia 0 - Houston 0 |
BOTTOM OF THE 2ND |
Houston Astros batting - Pitching for Philadelphia Phillies : LHP Jon Matlack
|
Batting: LHB Jose Cruz
|
0-0: Called Strike 0-1: Foul Ball, location: 2F 0-2: Ball 1-2: Ball 2-2: Foul Ball, location: 2F 2-2: Ball 3-2: Base on Balls
|
Batting: SHB Christopher Clark
|
0-0: Called Strike 0-1: Ball 1-1: Called Strike 1-2: Strikes out swinging
|
Batting: RHB Dave Valle
|
0-0: Ball 1-0: Foul Ball, location: 2F 1-1: Called Strike 1-2: Foul Ball, location: 2F 1-2: Ball 2-2: Strikes out swinging
|
Batting: SHB Tom Herr
|
0-0: Ball 1-0: Single, Error in OF, E9, batter to second base (Line Drive, 34D, EV 103.8 MPH) Jose Cruz to third
|
Batting: RHB Kevin Carr
|
0-0: Called Strike 0-1: Ball 1-1: Foul Ball, location: 2F 1-2: Ball 2-2: Ball 3-2: Strikes out swinging
|
Bottom of the 2nd over - 0 runs, 1 hit, 1 error, 2 left on base; Philadelphia 0 - Houston 0 |
TOP OF THE 3RD |
Philadelphia Phillies batting - Pitching for Houston Astros : RHP Kevin Carr
|
Batting: RHB Ivan de Jesus
|
0-0: Ground out 6-3 (Groundball, 6, EV 90.6 MPH)
|
Batting: LHB Jon Matlack
|
0-0: Ball 1-0: Called Strike 1-1: Foul Ball, location: 2F 1-2: Ball 2-2: Ground out 5-3 (Groundball, 56, EV 78.8 MPH)
|
Batting: RHB Andy Ramirez
|
0-0: Called Strike 0-1: Ball 1-1: Foul Ball, location: 2F 1-2: SINGLE (Groundball, 6MS, EV 68.1 MPH) (infield hit)
|
Batting: RHB Andre Dawson
|
0-0: Ball Andy Ramirez steals 2nd base 1-0: Called Strike 1-1: Called Strike 1-2: Foul Ball, location: 2F 1-2: Ball 2-2: Strikes out swinging
|
Top of the 3rd over - 0 runs, 1 hit, 0 errors, 1 left on base; Philadelphia 0 - Houston 0 |
BOTTOM OF THE 3RD |
Houston Astros batting - Pitching for Philadelphia Phillies : LHP Jon Matlack
|
Batting: RHB Julio Franco
|
0-0: Swinging Strike 0-1: Ball 1-1: Foul Ball, location: 2F 1-2: Ground out U3 (Groundball, 34, EV 89.4 MPH)
|
Batting: RHB John Castino
|
0-0: Ground out 6-3 (Groundball, 56, EV 83.1 MPH)
|
Batting: LHB Steve Kemp
|
0-0: Ball 1-0: Ball 2-0: Fly out, F9 (Flyball, 9LM, EV 77.5 MPH)
|
Bottom of the 3rd over - 0 runs, 0 hits, 0 errors, 0 left on base; Philadelphia 0 - Houston 0 |
TOP OF THE 4TH |
Philadelphia Phillies batting - Pitching for Houston Astros : RHP Kevin Carr
|
Batting: RHB Paul Molitor
|
0-0: Ball 1-0: Called Strike 1-1: Foul Ball, location: 2F 1-2: SINGLE (Line Drive, 7S, EV 101.9 MPH)
|
Batting: LHB Ken Phelps
|
0-0: Called Strike Paul Molitor steals 2nd base 0-1: Ball 1-1: Called Strike 1-2: Strikes out swinging
|
Batting: RHB Candy Maldonado
|
0-0: Ball Paul Molitor steals 3rd, throwing error, E2 Paul Molitor scores 1-0: Called Strike 1-1: Swinging Strike 1-2: Ball 2-2: Reached on error, E6 (Groundball, 6, EV 86.9 MPH)
|
Batting: LHB Cecil Cooper
|
0-0: Ground out 6-3 (Groundball, 6M, EV 88.8 MPH) Candy Maldonado to third
|
Batting: RHB Jody Davis
|
0-0: Called Strike 0-1: Foul Ball, location: 2F 0-2: Ball 1-2: Ground out 6-3 (Groundball, 56, EV 103.1 MPH)
|
Top of the 4th over - 1 run, 1 hit, 2 errors, 1 left on base; Philadelphia 1 - Houston 0 |
BOTTOM OF THE 4TH |
Houston Astros batting - Pitching for Philadelphia Phillies : LHP Jon Matlack
|
Batting: RHB Zail Smith
|
0-0: Ball 1-0: Ball 2-0: Swinging Strike 2-1: Ground out 6-3 (Groundball, 6, EV 93.1 MPH)
|
Batting: LHB Jose Cruz
|
0-0: Ball 1-0: Called Strike 1-1: Ground out 6-3 (Groundball, 56, EV 108.1 MPH)
|
Batting: SHB Christopher Clark
|
0-0: Ball 1-0: Foul Ball, location: 2F 1-1: Foul Ball, location: 2F 1-2: Foul Ball, location: 2F 1-2: Foul Ball, location: 2F 1-2: Ball 2-2: Foul Ball, location: 2F 2-2: Ball 3-2: Fly out, F7 (Flyball, 7D, EV 99.4 MPH)
|
Bottom of the 4th over - 0 runs, 0 hits, 0 errors, 0 left on base; Philadelphia 1 - Houston 0 |
TOP OF THE 5TH |
Philadelphia Phillies batting - Pitching for Houston Astros : RHP Kevin Carr
|
Batting: RHB Ivan de Jesus
|
0-0: Foul Ball, location: 2F 0-1: Foul Ball, location: 2F 0-2: Hit by Pitch
|
Batting: LHB Jon Matlack
|
0-0: Sac Bunt to 13 - play at first, batter OUT! 1-4 Ivan de Jesus to second
|
Batting: RHB Andy Ramirez
|
0-0: Called Strike 0-1: Fly out, F4 (Popup, 4MD, EV 58.8 MPH)
|
Batting: RHB Andre Dawson
|
0-0: Ball 1-0: Ball 2-0: Fly out, F9 (Line Drive, 9, EV 93.1 MPH)
|
Top of the 5th over - 0 runs, 0 hits, 0 errors, 1 left on base; Philadelphia 1 - Houston 0 |
BOTTOM OF THE 5TH |
Houston Astros batting - Pitching for Philadelphia Phillies : LHP Jon Matlack
|
Batting: RHB Dave Valle
|
0-0: Called Strike 0-1: Called Strike 0-2: Ball 1-2: SINGLE (Line Drive, 89S, EV 114.4 MPH)
|
Batting: SHB Tom Herr
|
0-0: Ball 1-0: Called Strike 1-1: Foul Ball, location: 2F 1-2: Ball 2-2: Ball 3-2: Grounds into double play, 6-4-3 (Groundball, 6, EV 103.8 MPH)
|
Batting: RHB Kevin Carr
|
0-0: Swinging Strike 0-1: Swinging Strike 0-2: Ball 1-2: Strikes out swinging
|
Bottom of the 5th over - 0 runs, 1 hit, 0 errors, 0 left on base; Philadelphia 1 - Houston 0 |
TOP OF THE 6TH |
Philadelphia Phillies batting - Pitching for Houston Astros : RHP Kevin Carr
|
Batting: RHB Paul Molitor
|
0-0: Called Strike 0-1: Called Strike 0-2: Ground out 5-3 (Groundball, 56S, EV 85.0 MPH)
|
Batting: LHB Ken Phelps
|
0-0: Foul Ball, location: 2F 0-1: Foul Ball, location: 2F 0-2: Ball 1-2: Ball 2-2: Ball 3-2: SINGLE (Line Drive, 7S, EV 100.0 MPH)
|
Batting: RHB Candy Maldonado
|
0-0: Foul Ball, location: 2F 0-1: Called Strike 0-2: Strikes out swinging
|
Batting: LHB Cecil Cooper
|
0-0: Called Strike 0-1: Ball 1-1: Fly out, F7 (Flyball, 7LS, EV 83.8 MPH)
|
Top of the 6th over - 0 runs, 1 hit, 0 errors, 1 left on base; Philadelphia 1 - Houston 0 |
BOTTOM OF THE 6TH |
Houston Astros batting - Pitching for Philadelphia Phillies : LHP Jon Matlack
|
Batting: RHB Julio Franco
|
0-0: Called Strike 0-1: Ball 1-1: Fly out, F9 (Flyball, 89S, EV 79.4 MPH)
|
Batting: RHB John Castino
|
0-0: Called Strike 0-1: Ground out 4-3 (Groundball, 34, EV 100.6 MPH)
|
Batting: LHB Steve Kemp
|
0-0: Foul Ball, location: 2F 0-1: Ball 1-1: Ball 2-1: Swinging Strike 2-2: Strikes out swinging
|
Bottom of the 6th over - 0 runs, 0 hits, 0 errors, 0 left on base; Philadelphia 1 - Houston 0 |
TOP OF THE 7TH |
Philadelphia Phillies batting - Pitching for Houston Astros : RHP Kevin Carr
|
Batting: RHB Jody Davis
|
0-0: Foul Ball, location: 2F 0-1: Called Strike 0-2: Foul Ball, location: 2F 0-2: Ball 1-2: Foul Ball, location: 2F 1-2: Foul Ball, location: 2F 1-2: SOLO HOME RUN (Flyball, 9D, EV 103.8 MPH), Distance : 385 ft
|
Batting: RHB Ivan de Jesus
|
0-0: Called Strike 0-1: Called Strike 0-2: Ball 1-2: Foul Ball, location: 2F 1-2: Ground out 6-3 (Groundball, 6, EV 99.4 MPH)
|
Batting: LHB Jon Matlack
|
0-0: Ball 1-0: Called Strike 1-1: Called Strike 1-2: Ball 2-2: Strikes out looking
|
Batting: RHB Andy Ramirez
|
0-0: Ball 1-0: Ball 2-0: Called Strike 2-1: Ball 3-1: Fly out, F7 (Flyball, 7D, EV 98.1 MPH)
|
Top of the 7th over - 1 run, 1 hit, 0 errors, 0 left on base; Philadelphia 2 - Houston 0 |
BOTTOM OF THE 7TH |
Houston Astros batting - Pitching for Philadelphia Phillies : LHP Jon Matlack
|
Batting: RHB Zail Smith
|
0-0: Ball 1-0: SINGLE (Line Drive, 7S, EV 111.3 MPH)
|
Batting: LHB Jose Cruz
|
0-0: Ball Zail Smith steals 2nd, throwing error, E2 Zail Smith to third 1-0: Called Strike 1-1: Foul Ball, location: 2F 1-2: Ball 2-2: Ball 3-2: Foul Ball, location: 2F 3-2: Base on Balls
|
Batting: SHB Christopher Clark
|
0-0: Ball 1-0: Ball 2-0: Swinging Strike 2-1: Fly out, F6 (Popup, 6MD, EV 45.0 MPH)
|
Batting: RHB Dave Valle
|
0-0: Ground out 5-3 (Groundball, 56S, EV 91.3 MPH) Jose Cruz to second
|
Batting: SHB Tom Herr
|
0-0: Swinging Strike 0-1: Foul Ball, location: 2F 0-2: Ground out 6-3 (Groundball, 6, EV 84.4 MPH)
|
Bottom of the 7th over - 0 runs, 1 hit, 1 error, 2 left on base; Philadelphia 2 - Houston 0 |
TOP OF THE 8TH |
Philadelphia Phillies batting - Pitching for Houston Astros : RHP Kevin Carr
|
Batting: RHB Andre Dawson
|
0-0: Ball 1-0: Ball 2-0: Ball 3-0: DOUBLE (Line Drive, 78D, EV 108.8 MPH)
|
Batting: RHB Paul Molitor
|
0-0: Called Strike 0-1: Fly out, F8 (Flyball, 89D, EV 89.4 MPH) Runner from 2nd tags up, SAFE at 3rd, no throw by CF
|
Batting: LHB Ken Phelps
|
0-0: Intentional Walk
|
Batting: RHB Candy Maldonado
|
0-0: Called Strike 0-1: Grounds into double play, 6-4-3 (Groundball, 6S, EV 88.1 MPH)
|
Top of the 8th over - 0 runs, 1 hit, 0 errors, 1 left on base; Philadelphia 2 - Houston 0 |
BOTTOM OF THE 8TH |
Houston Astros batting - Pitching for Philadelphia Phillies : LHP Jon Matlack
|
Pinch Hitting: LHB George Vukovich
|
0-0: Ball 1-0: Fly out, F8 (Flyball, 8LM, EV 90.0 MPH)
|
Batting: RHB Julio Franco
|
0-0: Ball 1-0: Ball 2-0: Swinging Strike 2-1: Ball 3-1: Base on Balls
|
Batting: RHB John Castino
|
0-0: Fly out, F8 (Flyball, 89D, EV 93.1 MPH)
|
Batting: LHB Steve Kemp
|
0-0: Ball 1-0: Foul Ball, location: 2F 1-1: Ball 2-1: Swinging Strike 2-2: Strikes out looking
|
Bottom of the 8th over - 0 runs, 0 hits, 0 errors, 1 left on base; Philadelphia 2 - Houston 0 |
TOP OF THE 9TH |
Philadelphia Phillies batting - Pitching for Houston Astros : RHP Kevin Carr
|
Pitching: LHP Mike Caldwell
|
|
Batting: LHB Cecil Cooper
|
0-0: Called Strike 0-1: Ground out 6-3 (Groundball, 6M, EV 106.3 MPH)
|
Batting: RHB Jody Davis
|
0-0: Ball 1-0: Foul Ball, location: 2F 1-1: Foul Ball, location: 2F 1-2: Ball 2-2: Foul Ball, location: 2F 2-2: Ball 3-2: Base on Balls
|
Batting: RHB Ivan de Jesus
|
0-0: Fielders Choice at 2nd, 4-6 (Groundball, 4D, EV 105.6 MPH)
|
Batting: LHB Jon Matlack
|
0-0: Foul Ball, location: 2F 0-1: Ball 1-1: Fly out, F5 (Flyball, 56D, EV 85.0 MPH)
|
Top of the 9th over - 0 runs, 0 hits, 0 errors, 1 left on base; Philadelphia 2 - Houston 0 |
BOTTOM OF THE 9TH |
Houston Astros batting - Pitching for Philadelphia Phillies : LHP Jon Matlack
|
Pitching: RHP Tom Hume
|
|
Batting: RHB Zail Smith
|
0-0: Ball 1-0: Ball 2-0: Called Strike 2-1: SINGLE (Line Drive, 56, EV 105.6 MPH)
|
Batting: LHB Jose Cruz
|
0-0: Called Strike 0-1: Ball 1-1: Ball 2-1: Ball 3-1: Foul Ball, location: 2F 3-2: Fly out, F9 (Flyball, 9LS, EV 85.0 MPH)
|
Batting: SHB Christopher Clark
|
0-0: Ball 1-0: Swinging Strike 1-1: Swinging Strike 1-2: Foul Ball, location: 2F 1-2: DOUBLE (Line Drive, 78D, EV 100.6 MPH) Zail Smith to third
|
Batting: RHB Dave Valle
|
0-0: Foul Ball, location: 2F 0-1: Swinging Strike 0-2: Strikes out swinging
|
Batting: SHB Tom Herr
|
0-0: Ball 1-0: Called Strike 1-1: SINGLE (Groundball, 6S, EV 71.3 MPH) (infield hit) Zail Smith scores Christopher Clark to third
|
Pinch Hitting: SHB Bill D Doran
|
0-0: Ball 1-0: Foul Ball, location: 2F 1-1: Ball 2-1: Ball 3-1: Foul Ball, location: 2F 3-2: Foul Ball, location: 2F 3-2: Foul Ball, location: 2F 3-2: Strikes out swinging
|
Bottom of the 9th over - 1 run, 3 hits, 0 errors, 2 left on base; Philadelphia 2 - Houston 1 |
|